 Dungeon Crawl Stone Soup version 0.31-a0-1-g4198be8af4 (webtiles) character file.

Game seed: 14737491070881078391

602 RascalDebosk the Trooper (level 7, 0/53 HPs)
             Began as a Djinni Fire Elementalist on May 2, 2023.
             Slain by Pikel
             ... wielding a +1 whip of freezing
              (1 damage)
             ... on level 5 of the Dungeon.
             The game lasted 00:37:55 (3584 turns).

RascalDebosk the Trooper (Djinni Fire Elementalist) Turns: 3584, Time: 00:37:56

Health: 0/53       AC:  7    Str:  7    XL:     7   Next: 69%
Gold:   323        EV: 10    Int: 19    God:
                   SH:  0    Dex: 13

rFire   + + .        z - +2 flail (holy)
rCold   x . .        (no shield)
rNeg    . . .        h - +0 ring mail
rPois   ∞            (no helmet)
rElec   .            t - +1 cloak
rCorr   .            (no gloves)
SInv    .            (boots unavailable)
Will    +....        x - amulet of regeneration
Stlth   +            u - ring of willpower
HPRegen 1.08/turn    (no ring)
MPRegen 0.00/turn

%: infuse magic (-1 HP)
@: flying, very slightly contaminated
A: sickness immunity, fire resistance 2, cold vulnerability 1, float, innate
caster, HP casting, extra vitality 1
a: no special abilities


You were on level 5 of the Dungeon.
You visited 1 branch of the dungeon, and saw 5 of its levels.

You collected 323 gold pieces.

Inventory:

Hand Weapons
 n - a +0 short sword
 z - a +2 flail of holy wrath (weapon)
 B - a +0 rapier
 D - a +0 scythe
Armour
 a - a +0 robe
 g - a +0 scale mail
 h - a +0 ring mail (worn)
 q - a +0 chain mail
 t - a +1 cloak (worn)
Jewellery
 u - a ring of willpower (left hand)
 x - an amulet of regeneration (around neck)
 E - a +5 ring of evasion
Wands
 C - a wand of quicksilver (4) (quivered)
Scrolls
 b - a scroll of teleportation {unknown}
 c - a scroll of noise {unknown}
 f - 3 scrolls of immolation
 j - a scroll of enchant armour {unknown}
 k - a scroll of blinking {unknown}
 l - a scroll of fog {unknown}
 p - 3 scrolls of amnesia {unknown}
 v - a scroll of vulnerability {unknown}
 w - a scroll of summoning {unknown}
 y - 3 scrolls of magic mapping {unknown}
Potions
 d - 2 potions of might
 e - 2 potions of curing
 i - a potion of invisibility {unknown}
 m - a potion of lignification
 o - 2 potions of mutation
 r - 2 potions of heal wounds
 s - a potion of flight
 A - a potion of ambrosia


   Skills:
 * Level 4.6 Fighting
 + Level 3.1 Armour
 - Level 2.1 Dodging
 - Level 1.5 Stealth
 * Level 4.4 Spellcasting
 - Level 0.5 Evocations


You knew the following spells:

 Your Spells              Type           Power      Damage    Failure   Level
a - Foxfire               Conj/Fire      84%        2x1d8     7%          1
b - Scorch                Fire           42%        2d7       11%         2
c - Volatile Blastmotes   Fire/Tloc      42%        2d13      21%         3
d - Inner Flame           Hex/Fire       21%        N/A       21%         3
e - Flame Wave            Conj/Fire      21%        2d8       56%         4
f - Sting                 Tmut/Pois      84%        1d7       7%          1
g - Wereblood             Tmut           21%        N/A       11%         2
h - Vhi's Electric Charg  Tloc/Air       42%        N/A       21%         3
Your spell library was empty.

Dungeon Overview and Level Annotations

Branches:
Dungeon (5/15)
 Temple: D:4-7

Altars:

Annotations:
D:5 Pikel


Innate Abilities, Weirdness & Mutations

You are immune to sickness and miasma.
You are immune to poison.
Your flesh is very heat resistant. (rF++)
You are vulnerable to cold. (rC-)
You float through the air rather than walking.
You learn spells naturally, not from books.
Your magical power is your life essence.
You have superior vitality. (+4 MHP)


Message History

The concussive blast engulfs you. You resist.
You are knocked back by the blast.
You start resting.
Your primal bloodlust has ended.
HP restored.
You now have 323 gold pieces (gained 10).
Found a potion of degeneration.
A lemure comes into view.
The lemure shouts!
The lemure moves out of view.
A lemure comes into view.
Found a scroll labelled IKA DEQAATIALA.
Pikel, Merchant of Souls comes into view.
He is wielding a +1 whip of freezing.
Casting: Volatile Blastmotes (dangerous; 21% risk of failure)
Confirm with . or Enter, or press ? or * to list all spells.
Charge where?
Press: ? - help, Dir - move target, f - lemure
Aim: a lemure (70% to hit)
Okay, then.
A jelly comes into view.
Pikel shouts!
Casting: Vhi's Electric Charge (dangerous; 21% risk of failure)
Confirm with . or Enter, or press ? or * to list all spells.
Charge where?
Press: ? - help, Dir - move target, f - jelly
Aim: a jelly (97% to hit)
You charge forward with an electric crackle!
You sock the jelly and electrocute it!
Your hands burn!
The jelly is heavily wounded.
The jelly hits you but does no damage. x2
A lemure comes into view.
Casting: Vhi's Electric Charge (dangerous; 21% risk of failure)
Confirm with . or Enter, or press ? or * to list all spells.
The spell is quite dangerous to miscast (56% risk of failure)!
Continue anyway?
Casting: Flame Wave (quite dangerous; 56% risk of failure)
Press: ? - help, Dir - look around, f - activate You miscast Flame Wave.
You are very lightly contaminated with residual magic.
Nothing appears to happen.
The lemure shouts!
The lemure barely misses you. The jelly closely misses you.
Casting: Flame Wave (quite dangerous; 56% risk of failure)
Confirm with . or Enter, or press ? or * to list all spells.
The spell is quite dangerous to miscast (56% risk of failure)!
Continue anyway?
Casting: Flame Wave (quite dangerous; 56% risk of failure)
Press: ? - help, Dir - look around, f - activate You miscast Flame Wave.
You feel a strange surge of energy!!
* * * LOW HITPOINT WARNING * * *
* * * LOW HITPOINT WARNING * * *
A lemure comes into view.
The jelly closely misses you.
Casting: Flame Wave (quite dangerous; 56% risk of failure)
Confirm with . or Enter, or press ? or * to list all spells.
The spell is quite dangerous to miscast (56% risk of failure)!
Continue anyway?
Casting: Flame Wave (quite dangerous; 56% risk of failure)
Press: ? - help, Dir - look around, f - activate A wave of flame ripples out!
The flame wave engulfs the lemure!
The lemure is moderately wounded.
The flame wave engulfs Pikel.
Pikel is lightly wounded.
The flame wave engulfs the lemure!
The lemure is moderately wounded.
The flame wave engulfs the jelly!
You kill the jelly! (Press . to intensify the flame waves.)
The lemure shouts!
* * * LOW HITPOINT WARNING * * *
The lemure hits you.
* * * LOW HITPOINT WARNING * * *
The lemure hits you.
* * * LOW HITPOINT WARNING * * *
Pikel hits you with a +1 whip of freezing.
* * * LOW HITPOINT WARNING * * *
Pikel freezes you.
* * * LOW HITPOINT WARNING * * *
A wave of flame ripples out!
The flame wave engulfs the lemure.
The lemure is heavily wounded.
The flame wave engulfs Pikel.
Pikel is moderately wounded.
The flame wave engulfs the lemure!
The lemure is severely wounded.
* * * LOW HITPOINT WARNING * * *
The lemure hits you.
* * * LOW HITPOINT WARNING * * *
The lemure hits you but does no damage. Pikel hits you but does no damage.
A wave of flame ripples out!
The flame wave engulfs the lemure!
The lemure is almost dead.
The flame wave engulfs Pikel.
Pikel is moderately wounded.
The flame wave engulfs the lemure.
The lemure is almost dead.
The flame wave engulfs the lemure!
The lemure is moderately wounded.
* * * LOW HITPOINT WARNING * * *
You finish channelling waves of flame.
The lemure hits you.
* * * LOW HITPOINT WARNING * * *
Pikel hits you with a +1 whip of freezing.
* * * LOW HITPOINT WARNING * * *
Pikel freezes you.
You die...

#.#...........########
#.#.##................
##.#.#####.....########
#.......###...#########
#.......# ##...........
##.......#####...#######
....#.........##..#
###...!.5.###.##..#
#..5.K@.# ##.# #.5..5..#
#.# ....#...?# #.#
.#######.# #.# .# .. .#
.. .# .#


You could see Pikel and 4 lemures.

Vanquished Creatures
  Sigmund (D:5)
  An ogre (D:4)
  A centaur (D:3)
  A phantom (D:4)
  A hound (D:5)
  A jelly (D:5)
  An iguana (D:5)
  4 adders
  An ufetubus (D:4)
  4 worms
  A dart slug (D:1)
  5 endoplasms
  A giant cockroach (D:1)
  4 goblins
  11 hobgoblins
  7 quokkas
  7 ball pythons
  7 bats
  3 frilled lizards
  10 kobolds
  5 rats
77 creatures vanquished.

Vanquished Creatures (collateral kills)
  A foxfire (D:1)
1 creature vanquished.

Vanquished Creatures (others)
  156 foxfires
156 creatures vanquished.

Grand Total: 234 creatures vanquished

Notes
Turn   | Place    | Note
-------+----------+-------------------------------------------
     0 | D:1      | RascalDebosk the Djinni Fire Elementalist began the quest
                  | for the Orb.
     0 | D:1      | RascalDebosk set off with the following spells memorised:
                  | Foxfire, Scorch, Volatile Blastmotes, Inner Flame, Flame
                  | Wave.
     0 | D:1      | Reached XP level 1. HP: 15/15 MP: 0/0
   215 | D:1      | Reached XP level 2. HP: 20/22 MP: 0/0
   407 | D:1      | Found a faded altar of an unknown god.
   483 | D:1      | Reached skill level 1 in Fighting
   820 | D:1      | Reached XP level 3. HP: 25/27 MP: 0/0
   820 | D:1      | Learned a level 1 spell: Sting
  1427 | D:2      | Reached skill level 1 in Armour
  1726 | D:2      | Reached XP level 4. HP: 33/33 MP: 0/0
  2136 | D:3      | Noticed a centaur
  2144 | D:3      | Killed a centaur
  2145 | D:3      | Reached XP level 5. HP: 35/39 MP: 0/0
  2145 | D:3      | Learned a level 2 spell: Wereblood
  2837 | D:4      | Noticed a phantom
  2847 | D:4      | Killed a phantom
  2848 | D:4      | Reached XP level 6. HP: 46/46 MP: 0/0
  3269 | D:4      | Noticed an ogre
  3275 | D:4      | Killed an ogre
  3454 | D:5      | Entered Level 5 of the Dungeon
  3472 | D:5      | Noticed Sigmund
  3477 | D:5      | Killed Sigmund
  3478 | D:5      | Reached XP level 7. HP: 53/53 MP: 0/0
  3478 | D:5      | Learned a level 3 spell: Vhi's Electric Charge
  3576 | D:5      | Noticed Pikel
  3584 | D:5      | HP: 1/53 [Pikel/+1 whip of freezing (5)]
  3584 | D:5      | Slain by Pikel

Illustrated notes

Levels and vault maps discovered:
D:1:      matt_arrival_refuge, layout_loops_corners,
          hellmonk_ecumenical_altar_leap_of_faith, minmay_misc_feat_alley,
          serial_bayou_lake_a
D:2:      layout_loops_ring, grunt_decor_cap
D:3:      layout_loops_ring, kennysheep_pointless_box
D:4:      minmay_inner_zag, layout_loops_ring
D:5:      dreamdust_elfheim, layout_loops_ring, uniq_pikel, uniq_sigmund

Skill      XL: |  1  2  3  4  5  6  7 |
---------------+----------------------+-----
Fighting       | 1 2 3 4 |  4.6
Armour         | 1 2 3 |  3.1
Spellcasting   | 3 4 |  4.4
Dodging        | |  2.1
Stealth        | |  1.5
Evocations     | |  0.5

Action                     |  1- 3 |  4- 6 |  7- 9 || total
---------------------------+-------+-------+-------++-------
  Melee: Short sword       |       |     3 |       ||     3
         Flail             |       |     3 |     3 ||     6
   Cast: Foxfire           |    59 |    53 |     1 ||   113
         Scorch            |     8 |    25 |     3 ||    36
         Volatile Blastmot |     2 |       |     1 ||     3
         Wereblood         |       |     1 |     1 ||     2
         Vhi's Electric Ch |       |       |     3 ||     3
         Flame Wave        |       |       |     1 ||     1
  Evoke: Wand              |       |     3 |       ||     3
    Use: Scroll            |     5 |       |     4 ||     9
 Armour: Ring mail         |     7 |    12 |     6 ||    25
  Dodge: Dodged            |    15 |    11 |     5 ||    31

Table legend: (Time is in decaauts)
 A = Elapsed time spent in this place.
 B = Non-inter-level travel time spent in this place.
 C = Inter-level travel time spent in this place.
 D = Time resting spent in this place.
 E = Time spent auto-exploring this place.
 F = Levels seen in this place.
 G = Mean time per level.
                   A        B        C        D        E       F      G
               +--------+--------+--------+--------+--------+-----+--------+
         Total |   3583 |   3447 |    136 |     91 |   2469 |   5 |  716.6 |
       Dungeon |   3583 |   3447 |    136 |     91 |   2469 |   5 |  716.6 |
               +--------+--------+--------+--------+--------+-----+--------+

Top non-repeatable levels by time:
     D:1: 1069 daAuts
     D:2: 993 daAuts
     D:3: 719 daAuts
     D:4: 670 daAuts
     D:5: 130 daAuts
